 Dungeon Crawl Stone Soup version 0.32-a0-361-g289a535e89 (webtiles) character file.

Game seed: 5819000361862919585

109741 LobsterGuardian the Carver (level 16, -8/137 HPs)
             Began as a Demonspawn Gladiator on Feb 18, 2024.
             Was a High Priest of Beogh.
             Shot with an arrow by Nessos (9 damage)
             ... on level 14 of the Dungeon.
             The game lasted 01:08:10 (19393 turns).

LobsterGuardian the Carver (Demonspawn Gladiator)  Turns: 19393, Time: 01:08:10

Health: -8/137     AC: 12    Str: 15    XL:     16   Next: 5%
Magic:  26/26      EV: 26    Int: 12    God:    Beogh [*****.]
Gold:   1875       SH:  6    Dex: 21    Spells: 15/15 levels left

rFire   . . .        t - +4 scimitar (flame)
rCold   + . .        K - +0 buckler {rC+}
rNeg    . . .        F - +0 troll leather armour
rPois   .            (helmet unavailable)
rElec   .            D - +0 cloak
rCorr   .            G - +1 pair of gloves {hurl}
SInv    .            M - +0 pair of boots
Will    +....        J - amulet of regeneration
Stlth   ++           g - +4 ring of protection
HPRegen 2.02/turn    k - +5 ring of evasion
MPRegen 0.20/turn

%: no passive effects
@: lethally poisoned (-8 -> -10), about to teleport
A: walk on water, horns 3, demonic guardian 2, ignite blood 2, robust 1, big
brain 2, dopey 1, persistent drain
a: Renounce Religion, Smiting, Recall Apostles, Blood for Blood, Dismiss Learuk,
wizard, Dismiss Ugbert, priest, Dismiss Spirok, warrior


You were on level 14 of the Dungeon.
You worshipped Beogh.
Beogh was extremely pleased with you.
You visited 4 branches of the dungeon, and saw 22 of its levels.
You also visited: Sewer and Ice Cave.

You collected 1875 gold pieces.

Inventory:

Hand Weapons
 t - a +4 scimitar of flaming (weapon)
 B - the +8 rapier "Zootruth" {venom, SInv}
   (You found it on level 8 of the Dungeon)

   SInv:      It lets you see invisible.
Missiles
 a - 4 curare-tipped darts
 e - 7 javelins
 p - 20 poisoned darts (quivered)
 H - a dart of dispersal
 N - 7 boomerangs
Armour
 D - a +0 cloak (worn)
 F - a +0 troll leather armour (worn)
 G - a +1 pair of gloves of hurling (worn)
 K - a +0 buckler of cold resistance (worn)
 M - a +0 pair of boots (worn)
Jewellery
 b - a ring of protection from cold
 g - a +4 ring of protection (left hand)
 k - a +5 ring of evasion (right hand)
 w - a ring of flight
 A - a ring of resist corrosion
 J - an amulet of regeneration (around neck)
 P - a +6 ring of dexterity
 Q - a ring of magical power
Wands
 h - a wand of roots (20)
 l - a wand of charming (3)
 r - a wand of flame (25)
 v - a wand of mindburst (6)
 y - a wand of digging (16)
 C - a wand of acid (3)
 R - a wand of polymorph (3)
Scrolls
 f - 2 scrolls of poison
 m - 3 scrolls of vulnerability
 o - 5 scrolls of amnesia
 s - 3 scrolls of fog
 u - 2 scrolls of torment
 x - 3 scrolls of enchant weapon
 E - a scroll of enchant armour
 I - 5 scrolls of teleportation
Potions
 c - 2 potions of haste
 d - a potion of attraction
 i - 3 potions of enlightenment
 j - 5 potions of curing
 n - 4 potions of lignification
 q - 3 potions of magic
 z - 2 potions of brilliance
 L - 3 potions of ambrosia
 O - a potion of resistance


   Skills:
 + Level 11.0 Fighting
 + Level 5.4(10.3) Short Blades
 - Level 13.5(14.0) Long Blades
 + Level 8.1 Throwing
 + Level 6.2 Armour
 * Level 13.3 Dodging
 + Level 5.7 Shields
 * Level 13.5 Invocations


You had 15 spell levels left.
You didn't know any spells.
Your spell library contained the following spells:

 Spells                   Type           Power      Damage    Failure   Level
 Magic Dart               Conj           0%         1d3       45%         1
 Searing Ray              Conj           0%         2d4       61%         2
 Static Discharge         Conj/Air       0%         3-3/arc   61%         2
 Sublimation of Blood     Necr           0%         N/A       61%         2
 Call Canine Familiar     Summ           0%         N/A       83%         3
 Frozen Ramparts          Ice            0%         1d1       83%         3
 Sigil of Binding         Hex            0%         N/A       83%         3
 Airstrike                Air            0%         2d(0-16)  99%         4
 Animate Dead             Necr           0%         N/A       99%         4
 Brom's Barrelling Bould  Conj/Erth      0%         2d3       99%         4
 Dimensional Bullseye     Hex/Tloc       0%         N/A       99%         4
 Fulminant Prism          Conj/Alch      0%         3d5       99%         4
 Leda's Liquefaction      Alch/Erth      0%         N/A       99%         4
 Manifold Assault         Tloc           0%         N/A       99%         4
 Passage of Golubria      Tloc           0%         N/A       99%         4
 Petrify                  Alch/Erth      0%         N/A       99%         4
 Summon Lightning Spire   Summ/Air       0%         N/A       99%         4
 Borgnjor's Vile Clutch   Necr/Erth      0%         N/A       100%        5
 Fireball                 Conj/Fire      0%         3d3       100%        5
 Irradiate                Conj/Alch      0%         3d11      100%        5
 Iskenderun's Battlesphe  Conj           0%         2d6       100%        5
 Metabolic Englaciation   Hex/Ice        0%         N/A       100%        5
 Silence                  Hex/Air        0%         N/A       100%        5
 Conjure Ball Lightning   Conj/Air       0%         3x3d6     100%        6
 Death Channel            Necr           0%         N/A       100%        6
 Dispersal                Tloc           0%         N/A       100%        6
 Sculpt Simulacrum        Ice/Alch       0%         N/A       100%        6
 Orb of Destruction       Conj           0%         9d5       100%        7
 Ozocubu's Refrigeration  Ice            0%         4d7       100%        7
 Discord                  Hex            0%         N/A       100%        8
 Disjunction              Tloc           0%         N/A       100%        8
 Lehudib's Crystal Spear  Conj/Erth      0%         10d2      100%        8
 Polar Vortex             Ice            0%         N/A       100%        9


Dungeon Overview and Level Annotations

Branches:
Dungeon (14/15)            Temple (1/1) D:7            Lair (5/5) D:10
 Shoals (0/4) Lair:3        Snake (0/4) Lair:2        Slime (0/5) Lair:4
    Orc (2/2) D:11            Elf (0/3) Orc:2        Vaults (0/5) D:14
  Sewer (visited)           IceCv (visited)

Altars:
Ashenzari
Cheibriados
Dithmenos
Fedhas
Gozag
Hepliaklqana
Kikubaaqudgha
Makhleb
Nemelex Xobeh
Okawaru
Qazlal
Ru
Sif Muna
Trog
Uskayaw
Vehumet
Wu Jian
Xom
Yredelemnul
Jiyva

Shops:
Orc:1 :   Orc:2 [[::

Annotations:
D:14 Nessos
Lair:4 1 runed translucent door, 2 transporters, Uveod's ghost, journeyman FeEE
Lair:5 2 transporters, DeathSocks's ghost, journeyman CoGl


Innate Abilities, Weirdness & Mutations

You can walk on water.
Your facial features are unmistakably orcish.
You have a pair of large horns on your head.
A demonic guardian rushes to your aid.
Your demonic aura often causes spilled blood to erupt in flames.
You are robust. (+10% HP)
You have an extremely huge brain. (Int +4)
You are dopey. (Int -2)
Your health recovers twice as slowly from being drained.


Message History

You are more poisoned.
The deep elf pyromancer gestures wildly while chanting.
The deep elf pyromancer blinks!
You feel very sick.
Nessos intently looks at you, slowly moving their tail.
Nessos gestures wildly while chanting.
Nessos blinks!
Nessos mumbles some strange words.
Nessos blinks!
You feel very sick.
Nessos shoots an arrow.
The arrow hits you!! The arrow burns you!
You are more poisoned.
Nessos shoots an arrow.
The arrow hits you!! The arrow burns you!
The deep elf pyromancer attacks as it pursues you!
The deep elf pyromancer completely misses you.
You feel extremely sick.
Nessos unwields a +3 longbow of flaming.
It stops flaming.
Nessos misses you. Nessos completely misses you.
Nessos stands on their hind legs for a moment.
Nessos gestures wildly while chanting.
Nessos blinks!
The deep elf pyromancer gestures wildly while chanting.
The deep elf pyromancer blinks!
Unknown command.
You feel better.
Nessos casts a spell.
Nessos blinks!
Nessos wields a +3 longbow of flaming.
It bursts into flame!
Nessos shoots an arrow.
The arrow barely misses you.
The deep elf pyromancer casts a spell at you.
The bolt of fire hits you!!
* * * LOW HITPOINT WARNING * * *
A demonic guardian appears!
Unknown command.
Unknown command.
As you read the scroll of teleportation, it crumbles to dust.
You feel strangely unstable.
Nessos shoots an arrow.
The arrow hits you!!
* * * LOW HITPOINT WARNING * * *
The arrow burns you!
You are lethally poisoned!
You die...

....##.............###.##...
.............#......#.......
.......†..e..........#......
....##......................
#..##.#[....................
#..#.#.#....................
. ..#.##....................
....##.#....[☼...4.........
.......#.#.....☼@...........
........##....○.............
.........#...)..§).........
...........................
..........c........$.......
...........................
..........................
........................
....##...........#.#...


You could see Nessos (fast, ally target), a deep elf pyromancer and a friendly
orange demon (summoned).

Vanquished Creatures
  Saint Roka (Orc:2)
  Jorgrun (Orc:2)
  Azrael (D:12)
  2 hydras
  2 boulder beetles
  3 two-headed ogres
  Urug (Orc:2)
  2 centaur warriors
  23 death yaks
  3 orc high priests
  Sonja (Lair:1)
  6 orc apostles
  A skyshark (Lair:2)
  Nergalle (Lair:1)
  3 orc knights
  2 harpies (Lair:3)
  A harpy (shapeshifter) (D:13)
  A necromancer (IceCv)
  3 orc sorcerers (Orc:2)
  4 manticores
  3 black mambas
  2 cyclopes
  4 meliai
  6 elephants
  An ice statue (IceCv)
  A kobold blastminer (Orc:2)
  7 cane toads
  2 efreet
  11 komodo dragons
  An unseen horror (D:12)
  A rime drake (Lair:5)
  3 freezing wraiths (IceCv)
  9 ice devils (IceCv)
  An anaconda simulacrum (IceCv)
  5 polar bears
  5 trolls
  Grinder (D:3)
  4 hornets
  14 blink frogs
  2 dream sheep (Lair:5)
  Sigmund (D:3)
  10 spriggans (Lair:5)
  A wraith (D:11)
  6 wyverns
  A dire elephant simulacrum (IceCv)
  42 yaks
  A water elemental (D:11)
  Eustachio (D:6)
  A fire elemental (D:11)
  4 basilisks
  3 humans
  4 vampire mosquitoes (D:8)
  A steam dragon (D:10)
  2 death yak simulacra
  A harpy simulacrum (IceCv)
  A naga (Lair:2)
  10 water moccasins
  A hell hound (D:12)
  16 orc warriors
  2 ice beasts
  A sky beast (D:7)
  2 black bears (Lair:5)
  3 ogres
  36 wolves
  2 boggarts (Lair:5)
  2 centaurs
  A kobold brigand (D:8)
  13 bullfrogs
  2 gnoll sergeants
  4 scorpions
  2 cane toad simulacra
  3 wights (D:9)
  18 killer bees
  4 elephant simulacra (IceCv)
  A howler monkey (D:9)
  7 crimson imps (D:8)
  A jelly (D:8)
  6 hounds
  5 orc priests
  A sleepcap (D:6)
  5 iguanas
  8 orc wizards
  5 polar bear simulacra
  A troll simulacrum (IceCv)
  A spriggan simulacrum (IceCv)
  2 wolf simulacra (IceCv)
  5 gnolls
  5 adders
  A river rat (Sewer)
  A shadow imp (D:8)
  4 white imps
  6 ufetubi
  4 dart slugs
  4 ribbon worms
  16 orcs
  9 ball pythons
  3 bats
  9 endoplasms
  4 giant cockroaches
  6 hobgoblins
  23 kobolds
  4 quokkas
  3 frilled lizards
  7 goblins
  19 rats
523 creatures vanquished.

Vanquished Creatures (collateral kills)
  An orc high priest (Orc:2)
  2 meliai (Lair:4)
  3 elephants (Lair:5)
  A kobold blastminer (Orc:2)
  A black mamba (Lair:5)
  2 cane toads
  A komodo dragon (Lair:2)
  3 ice devils (IceCv)
  An anaconda simulacrum (IceCv)
  A rime drake (Lair:2)
  A queen bee (Lair:4)
  3 hornets (Lair:5)
  2 polar bears (D:12)
  A wyvern (Lair:4)
  4 spriggans (Lair:5)
  A fire elemental (D:12)
  6 yaks
  2 basilisks
  A death yak simulacrum (IceCv)
  3 harpy simulacra (IceCv)
  A hydra simulacrum (IceCv)
  A water moccasin (Lair:4)
  A hell hound (D:11)
  A black bear (Lair:5)
  3 orc warriors
  2 boggarts (Lair:5)
  11 wolves
  An ogre (D:5)
  3 cane toad simulacra
  13 killer bees
  2 electric eels (D:11)
  3 orc wizards (Orc:2)
  3 polar bear simulacra (IceCv)
  A spriggan simulacrum (IceCv)
  3 wolf simulacra (IceCv)
  A naga simulacrum (IceCv)
  A white imp (D:12)
  3 orcs
  5 foxfires (Lair:5)
99 creatures vanquished.

Vanquished Creatures (others)
  An orc high priest (D:12)
  6 orc apostles
  An orc knight (Orc:2)
  4 orc warriors
  2 wolves (Lair:2)
  7 orc priests
  2 orc wizards
  9 orcs
  117 foxfires
149 creatures vanquished.

Grand Total: 771 creatures vanquished

Notes
Turn   | Place    | Note
-------+----------+-------------------------------------------
     0 | D:1      | LobsterGuardian the Demonspawn Gladiator began the quest
                  | for the Orb.
     0 | D:1      | Reached XP level 1. HP: 16/16 MP: 1/1
   110 | D:1      | Gained mutation: Your demonic aura sometimes causes spilled
                  | blood to erupt in flames. [demonic ancestry]
   110 | D:1      | Reached XP level 2. HP: 19/22 MP: 2/2
   438 | D:1      | Gained mutation: You have a pair of small horns on your
                  | head. [demonic ancestry]
   438 | D:1      | Reached XP level 3. HP: 25/27 MP: 3/3
  1136 | D:2      | Gained mutation: A weak demonic guardian rushes to your
                  | aid. [demonic ancestry]
  1136 | D:2      | Reached XP level 4. HP: 33/33 MP: 4/4
  1188 | D:2      | Found a faded altar of an unknown god.
  1586 | D:3      | Noticed Grinder
  1602 | D:3      | Killed Grinder
  1603 | D:3      | Reached skill level 5 in Long Blades
  1603 | D:3      | Reached skill level 1 in Armour
  1603 | D:3      | Gained mutation: You have a pair of horns on your head.
                  | [demonic ancestry]
  1603 | D:3      | Reached XP level 5. HP: 15/40 MP: 5/5
  1603 | D:3      | Gained mutation: You have an unusually large brain. (Int
                  | +2) [demonic ancestry]
  1603 | D:3      | Reached XP level 6. HP: 17/46 MP: 6/6
  1748 | D:3      | Found an iron altar of Okawaru.
  1773 | D:3      | Noticed Sigmund
  1840 | D:3      | Killed Sigmund
  1995 | D:3      | Found a burning altar of Makhleb.
  2131 | D:3      | Found a glowing drain.
  2149 | Sewer    | Entered a sewer
  2187 | Sewer    | Gained mutation: You have an extremely huge brain. (Int +4)
                  | [demonic ancestry]
  2187 | Sewer    | Reached XP level 7. HP: 52/52 MP: 7/7
  3136 | D:4      | Found a sparkling altar of Nemelex Xobeh.
  3386 | D:4      | Found a radiant altar of Vehumet.
  3748 | D:5      | Entered Level 5 of the Dungeon
  4091 | D:5      | Reached XP level 8. HP: 38/59 MP: 8/8
  4942 | D:6      | Noticed Eustachio
  4960 | D:6      | Killed Eustachio
  5060 | D:6      | Found an opulent altar of Gozag.
  5193 | D:6      | Reached XP level 9. HP: 59/66 MP: 9/9
  5590 | D:7      | Became a worshipper of Beogh the Shepherd
  5781 | D:7      | Found a staircase to the Ecumenical Temple.
  5804 | Temple   | Entered the Ecumenical Temple
  5868 | D:7      | Reached skill level 5 in Fighting
  5868 | D:7      | Reached skill level 1 in Invocations
  6547 | D:8      | Found a shadowy altar of Dithmenos.
  6881 | D:8      | Reached skill level 5 in Dodging
  7000 | D:8      | Identified the +8 rapier "Zootruth" {venom, SInv}
  7004 | D:8      | Reached skill level 10 in Long Blades
  7374 | D:8      | Reached * piety under Beogh
  7568 | D:8      | Gained mutation: Your demonic aura often causes spilled
                  | blood to erupt in flames. [demonic ancestry]
  7568 | D:8      | Reached XP level 10. HP: 72/74 MP: 12/12
  7838 | D:8      | Found a shimmering blue altar of Sif Muna.
  8026 | D:8      | Found a blossoming altar of Fedhas.
  8356 | D:10     | Entered Level 10 of the Dungeon
  8377 | D:10     | Found a broken altar of Ashenzari.
  8467 | D:10     | Found a staircase to the Lair.
  8556 | D:10     | Found a hide-covered altar of Uskayaw.
  8987 | D:9      | Found Burraf's Jewellery Boutique.
  9033 | D:9      | Reached ** piety under Beogh
  9034 | D:9      | Reached skill level 5 in Invocations
  9588 | D:10     | Reached skill level 1 in Short Blades
  9655 | D:10     | Noticed a two-headed ogre
  9685 | D:10     | Killed a two-headed ogre
  9686 | D:10     | Reached XP level 11. HP: 83/83 MP: 15/15
 10013 | D:10     | Found a snail-covered altar of Cheibriados.
 10082 | D:10     | Found a shimmering altar of Xom.
 10082 | D:10     | Found a bloodstained altar of Trog.
 10537 | D:11     | Found a staircase to the Orcish Mines.
 10566 | D:11     | Noticed a two-headed ogre
 10572 | D:11     | Killed a two-headed ogre
 10680 | D:11     | Reached skill level 5 in Armour
 10757 | D:11     | Noticed a centaur warrior
 10909 | D:11     | Noticed a boulder beetle
 10931 | D:11     | Killed a boulder beetle
 10932 | D:11     | Reached skill level 5 in Throwing
 11018 | D:11     | Killed a centaur warrior
 11335 | D:12     | Noticed Azrael
 11389 | Lair:1   | Entered Level 1 of the Lair of Beasts
 11473 | Lair:1   | Noticed Nergalle
 11481 | Lair:1   | Killed Nergalle
 11495 | Lair:1   | Reached *** piety under Beogh
 11524 | Lair:1   | Gained mutation: You do not regenerate when monsters are
                  | visible. [potion of mutation]
 11525 | Lair:1   | Lost mutation: You do not regenerate when monsters are
                  | visible. [potion of mutation]
 11525 | Lair:1   | Gained mutation: You have sharp toenails. [potion of
                  | mutation]
 11525 | Lair:1   | Gained mutation: Your flesh is heat resistant. (rF+)
                  | [potion of mutation]
 11525 | Lair:1   | Gained mutation: You are dopey. (Int -2) [potion of
                  | mutation]
 11528 | Lair:1   | Noticed Learuk
 11569 | Lair:1   | Anointed Learuk the wizard as your apostle
 11934 | Lair:1   | Noticed Sonja
 11944 | Lair:1   | Killed Sonja
 11945 | Lair:1   | Reached skill level 5 in Short Blades
 11950 | Lair:1   | Gained mutation: You are robust. (+10% HP) [demonic
                  | ancestry]
 11950 | Lair:1   | Reached XP level 12. HP: 48/100 MP: 16/18
 12054 | Lair:1   | Lost mutation: You have sharp toenails. [potion of
                  | mutation]
 12054 | Lair:1   | Lost mutation: You are dopey. (Int -2) [potion of mutation]
 12055 | Lair:1   | Lost mutation: Your flesh is heat resistant. (rF+) [potion
                  | of mutation]
 12055 | Lair:1   | Gained mutation: Your mind is acute. (Int +4, Str/Dex -1)
                  | [potion of mutation]
 12055 | Lair:1   | Gained mutation: You expend magic power (3 MP) to
                  | strengthen your wands. [potion of mutation]
 12055 | Lair:1   | Gained mutation: Your mind is very acute. (Int +8, Str/Dex
                  | -2) [potion of mutation]
 12056 | Lair:1   | Lost mutation: You expend magic power (3 MP) to strengthen
                  | your wands. [potion of mutation]
 12056 | Lair:1   | Lost mutation: Your mind is very acute. (Int +8, Str/Dex
                  | -2) [potion of mutation]
 12056 | Lair:1   | Gained mutation: Your health recovers twice as slowly from
                  | being drained. [potion of mutation]
 12057 | Lair:1   | Lost mutation: Your mind is acute. (Int +4, Str/Dex -1)
                  | [potion of mutation]
 12057 | Lair:1   | Lost mutation: Your health recovers twice as slowly from
                  | being drained. [potion of mutation]
 12057 | Lair:1   | Gained mutation: Your spells are a little easier to cast,
                  | but a little less powerful. [potion of mutation]
 12058 | Lair:1   | Lost mutation: Your spells are a little easier to cast, but
                  | a little less powerful. [potion of mutation]
 12058 | Lair:1   | Gained mutation: You are dopey. (Int -2) [potion of
                  | mutation]
 12058 | Lair:1   | Gained mutation: Your health recovers twice as slowly from
                  | being drained. [potion of mutation]
 12437 | Lair:2   | Your ally Learuk died
 12537 | Lair:2   | Noticed a death yak
 12541 | Lair:2   | Noticed a death yak
 12542 | Lair:2   | Noticed a death yak
 12542 | Lair:2   | Noticed a death yak
 12543 | Lair:2   | Noticed a death yak
 12544 | Lair:2   | Noticed a death yak
 12546 | Lair:2   | Killed a death yak
 12576 | Lair:1   | Killed a death yak
 12576 | Lair:1   | Killed a death yak
 12577 | Lair:1   | Reached skill level 1 in Shields
 12589 | Lair:1   | Killed a death yak
 12657 | Lair:2   | Found a staircase to the Snake Pit.
 12891 | Lair:2   | Killed a death yak
 12892 | Lair:2   | Killed a death yak
 12913 | Lair:2   | Reached **** piety under Beogh
 12930 | Lair:2   | Noticed Murdo
 12944 | Lair:2   | Anointed Murdo the wizard as your apostle
 13343 | Lair:3   | Noticed a death yak
 13343 | Lair:3   | Noticed a death yak
 13344 | Lair:3   | Noticed a death yak
 13347 | Lair:3   | Noticed a death yak
 13350 | Lair:3   | Noticed a death yak
 13353 | Lair:3   | Killed a death yak
 13353 | Lair:3   | Noticed a death yak
 13356 | Lair:3   | Your ally Murdo died
 13359 | Lair:3   | Killed a death yak
 13360 | Lair:3   | Your ally Learuk died
 13361 | Lair:3   | Reached skill level 10 in Invocations
 13361 | Lair:3   | Killed a death yak
 13366 | Lair:3   | Killed a death yak
 13369 | Lair:3   | Killed a death yak
 13370 | Lair:3   | Gained mutation: You have a pair of large horns on your
                  | head. [demonic ancestry]
 13370 | Lair:3   | Reached XP level 13. HP: 71/107 MP: 20/20
 13801 | Lair:3   | Found a staircase to the Shoals.
 14347 | Lair:3   | Reached skill level 10 in Dodging
 14347 | Lair:3   | Reached XP level 14. HP: 116/116 MP: 22/22
 14542 | Lair:4   | Found a runed translucent door.
 14549 | Lair:4   | Found a viscous altar of Jiyva.
 14549 | Lair:4   | Found a staircase to the Slime Pits.
 14549 | Lair:4   | Noticed an azure jelly
 14599 | Lair:4   | Reached ***** piety under Beogh
 14619 | Lair:4   | Found a transporter.
 14652 | Lair:4   | Found a frozen archway.
 14679 | Lair:4   | Anointed Ugbert the priest as your apostle
 14681 | IceCv    | Entered an ice cave
 14709 | IceCv    | Your ally Murdo died
 14977 | IceCv    | Found an ancient bone altar of Kikubaaqudgha.
 14985 | IceCv    | Your ally Ugbert died
 15000 | IceCv    | Your ally Learuk died
 15307 | Lair:4   | Identified a scroll of acquirement
 15307 | Lair:4   | Acquired a +1 pair of gloves of hurling
 15397 | Lair:4   | Reached XP level 15. HP: 103/125 MP: 23/23
 15575 | Lair:4   | Found a transporter.
 15576 | Lair:4   | Noticed Uveod's ghost (journeyman FeEE)
 15578 | Lair:4   | Found a bloodstained altar of Trog.
 15651 | Lair:4   | Your ally Ugbert died
 16046 | Lair:5   | Entered Level 5 of the Lair of Beasts
 16157 | Lair:5   | Anointed Spirok the warrior as your apostle
 16456 | Lair:5   | Your ally Learuk died
 16457 | Lair:5   | Reached skill level 10 in Fighting
 16653 | Lair:5   | Found a transporter.
 16737 | Lair:5   | Found a transporter.
 16740 | Lair:5   | Noticed DeathSocks's ghost (journeyman CoGl)
 17049 | Orc:1    | Entered Level 1 of the Orcish Mines
 17085 | Orc:1    | Found Vun Osik's Self-Improvement Boutique.
 17227 | Orc:2    | Entered Level 2 of the Orcish Mines
 17227 | Orc:2    | Noticed Jorgrun
 17237 | Orc:2    | Killed Jorgrun
 17238 | Orc:2    | Reached skill level 5 in Shields
 17248 | Orc:2    | Noticed Urug
 17259 | Orc:2    | Killed Urug
 17309 | Orc:2    | Noticed Saint Roka
 17321 | Orc:2    | Killed Saint Roka
 17324 | Orc:2    | Your ally Learuk died
 17343 | Orc:2    | Found a staircase to the Elven Halls.
 17548 | Orc:2    | Found Ehorimem's Book Emporium.
 17550 | Orc:2    | Paralysed by an orc sorcerer for 2 turns
 17594 | Orc:2    | Found Iqasax's Antique Armour Shop.
 17674 | Orc:2    | Found Muymur's Armour Shop.
 17683 | Orc:2    | Found Selyuh's Book Emporium.
 18049 | D:12     | Reached ****** piety under Beogh
 18065 | D:12     | Your ally Learuk died
 18080 | D:12     | Your ally Ugbert died
 18080 | D:12     | Your ally Spirok died
 18083 | D:12     | Killed Azrael
 18912 | D:13     | Gained mutation: A demonic guardian rushes to your aid.
                  | [demonic ancestry]
 18912 | D:13     | Reached XP level 16. HP: 99/136 MP: 26/26
 19236 | D:14     | Noticed Nessos
 19236 | D:14     | Found a gate to the Vaults.
 19393 | D:14     | HP: 1/137 [Nessos/arrow (18)]
 19393 | D:14     | Shot with an arrow by Nessos

Illustrated notes

Levels and vault maps discovered:
D:1:      shiori_arrival_maze, layout_loops_ring, minmay_pentomino_w4
D:2:      layout_basic, dreamdust_ecumenical_altar_angels_and_demons,
          serial_park_tiny_1, minmay_crystal_room, minmay_puff
D:3:      layout_rooms, lemuel_tele_altar, mainiacjoe_overflow_alcove_2,
          cheibrodos_sewer_entry_bend, uniq_sigmund, uniq_grinder
D:4:      layout_loops_corners, lemuel_crystal_altar, kennysheep_little_box,
          minmay_tree_intersection
D:5:      layout_rooms
D:6:      layout_rooms, mainiacjoe_overflow_concentric_impassable,
          uniq_eustachio
D:7:      layout_loops_cross, minmay_temple_entry_gardened_gates
D:8:      layout_loops_corners, grunt_dithmenos_smoke,
          kennysheep_orc_sif_temple, fedhas_altar_fruit_tree, minmay_nine_imps
D:9:      layout_small_grid, serial_shops, nicolae_shop_just_a_little_nook
D:10:     layout_gridville, lemuel_round_altar, marbit_many_paths,
          mainiacjoe_overflow_chevrons, evilmike_ruin_ashenzari,
          mainiacjoe_overflow_cross_hatched, gammafunk_temple_overflow_elements,
          lair_entry_dummy
D:11:     layout_irregular_city, david_orc_2, minmay_splitting_lines,
          serial_bayou_lake_a
D:12:     layout_loops_ring, serial_ice, serial_ice_d, serial_ice_o,
          serial_ice_e, serial_ice_g, uniq_azrael
D:13:     layout_roguey, nicolae_hexahallways
D:14:     layout_cross, david_vaults_3, minmay_misc_feat_secret_circle
Temple:   nicolae_temple_ecumenical_triangle
Lair:1:   layout_gridlike, uniq_nergalle, uniq_sonja
Lair:2:   layout_regular_city, guppyfry_snake_entry_garden
Lair:3:   layout_cave_pods, nicolae_shoals_entry_roost
Lair:4:   layout_gridlike, slime_entry_2, gammafunk_ghost_wrathful_warriors,
          portal_ice_cave_entry_ice_simulacra, special_room [special_room_bee],
          minivault_25, lemuel_fruit_fields, grunt_megastairs_2
Lair:5:   minmay_lair_end_enchanted_forest, layout_regular_city,
          gammafunk_ghost_berserking_beasts
Orc:1:    layout_caves, nicolae_shop_self_help
Orc:2:    st_orc_elflike, layout_caves, uniq_nessos, uniq_urug, uniq_saint_roka,
          uniq_jorgrun

Skill      XL: |  1  2  3  4  5  6  7  8  9 10 11 12 13 14 15 16 |
---------------+-------------------------------------------------+-----
Long Blades    | 3 5 6 7 8 10 11 12 13 | 13.5
Dodging        | 3 4 5 6 7 9 10 11 13 | 13.3
Armour         | 1 2 3 4 5 6 |  6.2
Fighting       | 3 4 5 6 7 8 9 10 11 | 11.0
Throwing       | 2 4 6 7 8 |  8.1
Invocations    | 3 6 8 10 11 13 | 13.5
Short Blades   | 2 5 |  5.4
Shields        | 2 3 4 5 |  5.7

Action                     |  1- 3 |  4- 6 |  7- 9 | 10-12 | 13-15 | 16-18 || total
---------------------------+-------+-------+-------+-------+-------+-------++-------
  Melee: Long sword        |    82 |    60 |   295 |       |       |       ||   437
         Headbutt          |     6 |     9 |    60 |    90 |   188 |     8 ||   361
         Rapier            |       |       |    52 |   237 |       |       ||   289
         Scimitar          |       |       |       |   123 |   654 |    26 ||   803
         Kick              |       |       |       |     7 |       |       ||     7
  Throw: Throwing net      |       |     4 |     3 |       |       |       ||     7
         Dart              |       |       |    19 |   113 |    35 |       ||   167
 Invoke: Convert to Beogh  |       |       |     1 |       |       |       ||     1
         Recall Apostles   |       |       |       |     2 |     4 |       ||     6
         Recruit Apostle   |       |       |       |     2 |     2 |       ||     4
         Blood for Blood   |       |       |       |       |     3 |       ||     3
         Smiting           |       |       |       |       |     4 |       ||     4
         Dismiss Apostle   |       |       |       |       |     1 |       ||     1
  Evoke: Wand              |       |       |       |     5 |     5 |       ||    10
    Use: Scroll            |     4 |     6 |     4 |     8 |     5 |     1 ||    28
         Potion            |       |     2 |     5 |    17 |     7 |     1 ||    32
   Stab: Held in net/web   |       |     2 |       |       |       |       ||     2
         Sleeping          |       |       |     4 |       |       |       ||     4
         Invisible         |       |       |     3 |       |       |       ||     3
         Distracted        |       |       |       |     4 |    15 |       ||    19
 Armour: Leather armour    |    49 |    28 |   203 |    23 |       |       ||   303
         Troll leather arm |       |       |       |   145 |   272 |    10 ||   427
  Dodge: Dodged            |    42 |    53 |   461 |   322 |   554 |    32 ||  1464
  Block: Buckler           |       |       |       |    63 |   165 |    11 ||   239

Table legend: (Time is in decaauts)
 A = Elapsed time spent in this place.
 B = Non-inter-level travel time spent in this place.
 C = Inter-level travel time spent in this place.
 D = Time resting spent in this place.
 E = Time spent auto-exploring this place.
 F = Levels seen in this place.
 G = Mean time per level.
                   A        B        C        D        E       F      G
               +--------+--------+--------+--------+--------+-----+--------+
         Total |  19183 |  17891 |   1292 |    126 |  14220 |  24 |  799.3 |
       Dungeon |  12642 |  11659 |    983 |    101 |   9648 |  14 |  903.0 |
        Temple |      1 |      0 |      1 |      0 |      0 |   1 |    1.0 |
          Lair |   4734 |   4465 |    269 |     25 |   3342 |   5 |  946.8 |
  Orcish Mines |    711 |    673 |     38 |      0 |    532 |   2 |  355.5 |
         Sewer |    526 |    526 |      0 |      0 |    377 |   1 |  526.0 |
      Ice Cave |    567 |    567 |      0 |      0 |    320 |   1 |  567.0 |
               +--------+--------+--------+--------+--------+-----+--------+

Top non-repeatable levels by time:
     D:8: 1817 daAuts
     D:4: 1272 daAuts
    D:11: 1126 daAuts
     D:9: 1077 daAuts
  Lair:3: 1056 daAuts
    D:10: 1041 daAuts
  Lair:4: 997 daAuts
  Lair:2: 914 daAuts
     D:7: 892 daAuts
  Lair:1: 892 daAuts
  Lair:5: 874 daAuts
     D:1: 832 daAuts
    D:13: 781 daAuts
     D:5: 768 daAuts
     D:2: 759 daAuts
